 Dungeon Crawl Stone Soup version 0.30.0-30-g96aa6591b8 (webtiles) character file.

Game seed: 11169009516658113570

1859 wingedge the Gusty (level 8, -4/66 HPs)
             Began as a Demigod Wanderer on June 27, 2023.
             Splashed by a jelly's acid (10 damage)
             ... on level 6 of the Dungeon.
             The game lasted 00:19:58 (7280 turns).

wingedge the Gusty (Demigod Wanderer)               Turns: 7280, Time: 00:19:58

Health: -4/66      AC: -1    Str: 14    XL:     8   Next: 58%
Magic:  2/17       EV: 14    Int: 24    God:
Gold:   486        SH: 15    Dex: 10    Spells: 10/15 levels left

rFire   . . .        b - +0 whip (elec)
rCold   . . .        n - +2 kite shield {reflect}
rNeg    . . .        h - +0 robe
rPois   .            l - +0 helmet
rElec   .            z - +2 cloak {Stlth+}
rCorr   .            (no gloves)
SInv    .            (no boots)
Will    .....        e - amulet of reflection
Stlth   +++          w - +5 ring of evasion
HPRegen 0.31/turn    v - ring of wizardry
MPRegen 0.15/turn

%: reflection, wizardry (x1)
@: corroded
A: high MP 1, forlorn, divine attributes
a: no special abilities


You were on level 6 of the Dungeon.
You visited 1 branch of the dungeon, and saw 6 of its levels.
You also visited: Ossuary.

You collected 486 gold pieces.

Inventory:

Hand Weapons
 a - a +2 dagger of venom
 b - a +0 whip of electrocution (weapon)
 g - a +0 trident of protection
 x - a +1 spear of venom
Missiles
 F - 2 poisoned darts (quivered)
Armour
 c - a +0 scale mail
 h - a +0 robe (worn)
 l - a +0 helmet (worn)
 n - a +2 kite shield of reflection (worn)
 z - a +2 cloak of stealth (worn)
Jewellery
 e - an amulet of reflection (around neck)
 f - a ring of flight
 v - a ring of wizardry (right hand)
 w - a +5 ring of evasion (left hand)
Scrolls
 i - 5 scrolls of teleportation
 j - a scroll of enchant armour
 k - a scroll of butterflies
 m - 2 scrolls of torment
 o - a scroll of vulnerability
 p - 2 scrolls of poison
 r - 2 scrolls of silence
 s - a scroll of fear {unknown}
 t - 3 scrolls of amnesia
 y - 2 scrolls of magic mapping {unknown}
Potions
 d - 4 potions of flight
 q - 2 potions of berserk rage
 u - 5 potions of curing {unknown}
 A - a potion of haste {unknown}
 B - 2 potions of brilliance {unknown}
 C - a potion of degeneration {unknown}
 D - a potion of mutation {unknown}
 E - a potion of heal wounds
 G - a potion of lignification {unknown}
 H - a potion of ambrosia {unknown}
 I - a potion of resistance {unknown}


   Skills:
 - Level 4.0 Fighting
 - Level 3.0 Armour
 - Level 2.0 Stealth
 - Level 3.0 Shields
 + Level 4.2 Spellcasting
 - Level 5.0 Conjurations
 - Level 3.0 Summonings
 - Level 5.0 Air Magic
 - Level 1.0 Evocations


You had 10 spell levels left.
You knew the following spells:

 Your Spells              Type           Power      Damage    Failure   Level
a - Shock                 Conj/Air       100%       1d9       1%          1
b - Static Discharge      Conj/Air       58%        2-5/arc   2%          2
c - Call Imp              Summ           38%        N/A       6%          2

Your spell library contained the following spells:

 Spells                   Type           Power      Damage    Failure   Level
 Cigotuvi's Dreadful Rot  Necr/Pois/Air  26%        N/A       10%         2
 Apportation              Tloc           10%        N/A       13%         1
 Dazzling Flash           Conj/Hex       34%        N/A       14%         3
 Vhi's Electric Charge    Tloc/Air       34%        N/A       14%         3
 Volatile Blastmotes      Fire/Tloc      10%        2d10      34%         3
 Iskenderun's Mystic Bla  Conj/Tloc      17%        2d5       41%         4
 Dispel Undead            Necr           5%         3d7       75%         4
 Starburst                Conj/Fire      8%         6d4       99%         6
 Death Channel            Necr           2%         N/A       100%        6


Dungeon Overview and Level Annotations

Branches:
Dungeon (6/15)            Ossuary (visited)
 Temple: D:4-7

Shops:
D:2 *

Annotations:
D:4 Pikel


Innate Abilities, Weirdness & Mutations

You have an increased reservoir of magic. (+10% MP)
You shall have no god before yourself.
Your divine heritage dramatically boosts your attributes as you level up.


Message History

Nothing appears to happen.
The orc priest hits you with a +0 hand axe.
Casting: Static Discharge (safe; 2% risk of failure)
Confirm with . or Enter, or press ? or * to list all spells.
The orc priest is struck by an arc of lightning.
You kill the orc priest!
You are struck by an arc of lightning.
The lightning grounds out.
Your +2 dagger of venom stops dripping with poison.
You hear the crackle of electricity.
b - a +0 whip of electrocution (weapon)
The jelly completely misses you.
You hit the jelly.
Your hands burn!
The jelly is lightly wounded.
The jelly hits you but does no damage.
You barely miss the jelly.
The jelly is lightly wounded.
The jelly hits you. The acid corrodes you!
You are splashed with acid!
* * * LOW HITPOINT WARNING * * *
You hit the jelly but do no damage. Lightning courses through the jelly!!
Your hands burn!
* * * LOW HITPOINT WARNING * * *
The jelly is severely wounded.
You block the jelly's attack.
You hit the jelly but do no damage. The acid corrodes you!
Your hands burn!
* * * LOW HITPOINT WARNING * * *
The jelly is severely wounded.
You block the jelly's attack. The jelly completely misses you.
You hit the jelly. The acid corrodes you!
Your hands burn!
* * * LOW HITPOINT WARNING * * *
The jelly is severely wounded.
You block the jelly's attack.
Your magical contamination has completely faded away.
You hit the jelly but do no damage. Lightning courses through the jelly!
The acid corrodes you!
Your hands burn!
* * * LOW HITPOINT WARNING * * *
The jelly is almost dead.
The jelly hits you.
* * * LOW HITPOINT WARNING * * *
You are splashed with acid!
You die...

#.#######.#######.
#.#...............
#.#.#####.######## #.#.#
#......... #.#.#
############ #.#.#
#........... ##.#.#
#........... #....#
#........... #J@).#
#####....... ......))).#
#######.###.
.#####..............###.
##....#########....
#....# #.... +....#
#...# #....# #....
##.### #.#####.###
#..........


You could see a jelly.

Vanquished Creatures
  Menkaure (D:4)
  Edmund (D:4)
  Duvessa (D:5)
  A black bear (D:6)
  A sky beast (D:6)
  3 lemures (D:4)
  2 phantoms (D:5)
  4 scorpions
  A bullfrog (D:6)
  Dowan (D:5)
  4 hounds
  3 orc priests
  2 gnoll boudas (D:5)
  Crazy Yiuf (D:3)
  4 iguanas
  2 orc wizards
  7 mummies (Ossuary)
  11 gnolls (D:5)
  6 adders
  4 worms
  28 orcs
  8 ball pythons
  8 endoplasms
  9 giant cockroaches
  10 goblins
  6 hobgoblins
  3 jackals (D:1)
  3 quokkas
  4 bats
  5 frilled lizards
  A hobgoblin zombie (Ossuary)
  9 kobolds
  3 kobold zombies (Ossuary)
  3 rats (D:1)
  2 rat zombies (D:6)
162 creatures vanquished.

Vanquished Creatures (collateral kills)
  A mummy (Ossuary)
  A hobgoblin zombie (Ossuary)
  3 kobold zombies (Ossuary)
5 creatures vanquished.

Grand Total: 167 creatures vanquished

Notes
Turn   | Place    | Note
-------+----------+-------------------------------------------
     0 | D:1      | wingedge the Demigod Wanderer began the quest for the Orb.
     0 | D:1      | wingedge set off with the following items: a +0 club, a
                  | scroll of butterflies, a +0 scale mail; and the following
                  | spells available to memorise: Shock, Apportation, Static
                  | Discharge, Call Imp, Vhi's Electric Charge.
     0 | D:1      | Reached XP level 1. HP: 14/14 MP: 5/5
     2 | D:1      | Learned a level 1 spell: Shock
   280 | D:1      | Reached skill level 1 in Conjurations
   369 | D:1      | Reached XP level 2. HP: 18/20 MP: 1/7
  1101 | D:2      | Found Ritiul's Assorted Antiques.
  1161 | D:2      | Reached XP level 3. HP: 26/26 MP: 6/8
  1978 | D:2      | Reached skill level 1 in Fighting
  1978 | D:2      | Reached XP level 4. HP: 20/35 MP: 9/9
  2076 | D:3      | Reached skill level 1 in Shields
  2270 | D:3      | Learned a level 2 spell: Static Discharge
  2525 | D:3      | Noticed a spectral ugly thing
  2984 | D:3      | Found a runed translucent door.
  2985 | D:3      | Noticed Crazy Yiuf
  3072 | D:3      | Killed Crazy Yiuf
  3162 | D:4      | Reached XP level 5. HP: 40/40 MP: 4/10
  3512 | D:4      | Noticed Edmund
  3768 | D:4      | Noticed Menkaure
  3775 | D:4      | Killed Menkaure
  3776 | D:4      | Reached XP level 6. HP: 19/47 MP: 2/11
  3883 | D:4      | Learned a level 2 spell: Call Imp
  4231 | D:4      | Noticed Pikel
  4352 | D:4      | Killed Edmund
  4772 | D:5      | Entered Level 5 of the Dungeon
  4789 | D:5      | Noticed Dowan
  4789 | D:5      | Noticed Duvessa
  4798 | D:5      | Reached skill level 1 in Summonings
  4798 | D:5      | Reached XP level 7. HP: 49/55 MP: 3/13
  4801 | D:5      | Killed Duvessa
  4917 | D:5      | Killed Dowan
  6017 | D:5      | Reached XP level 8. HP: 51/62 MP: 6/15
  6439 | D:6      | Found a sand-covered staircase.
  6446 | Ossuary  | Entered an ossuary
  6455 | Ossuary  | Reached skill level 5 in Air Magic
  6472 | Ossuary  | Reached skill level 5 in Conjurations
  7280 | D:6      | Splashed by a jelly's acid

Illustrated notes

Levels and vault maps discovered:
D:1:      dpeg_arrival_solitude, layout_rooms, serial_aquarium,
          aquarium_bridge_square [aquarium_subvault_bridge,
          aquarium_subvault_bridge, aquarium_subvault_wall,
          aquarium_subvault_window], aquarium_bridge_straight
          [aquarium_subvault_bridge, aquarium_subvault_balcony,
          aquarium_subvault_bridge, aquarium_subvault_wall], aquarium_window_1,
          aquarium_window_2, aquarium_window_1, aquarium_window_corner,
          aquarium_view_2d
D:2:      layout_rooms, serial_shops, nicolae_shop_tiny_waterfront,
          minmay_stone_trees_small, kennysheep_generic_room_15
D:3:      layout_loops_ring, regret_index_temple_of_mockery,
          uniq_crazy_yiuf_cottage
D:4:      layout_basic, nicolae_overflow_hidden_temple, uniq_menkaure,
          uniq_pikel, uniq_edmund
D:5:      nicolae_cairo_tiling_very_big, layout_rooms, corexii_hall_statues_i,
          kennysheep_opposing_triangles, uniq_duvessa
D:6:      cheibrodos_fertilizer, layout_basic, nicolae_ashenzari_skybound,
          minmay_temple_entry_proselytizer, enter_ossuary_4

Skill      XL: |  1  2  3  4  5  6  7  8 |
---------------+-------------------------+-----
Conjurations   | 1 2 3 4 5 |  5.0
Air Magic      | 2 3 4 5 |  5.0
Spellcasting   | 2 3 4 |  4.2
Fighting       | 1 2 4 |  4.0
Shields        | 1 2 3 |  3.0
Armour         | 3 |  3.0
Stealth        | 2 |  2.0
Summonings     | 1 3 |  3.0
Evocations     | |  1.0

Action                     |  1- 3 |  4- 6 |  7- 9 || total
---------------------------+-------+-------+-------++-------
  Melee: Dagger            |    52 |    49 |    24 ||   125
         Whip              |       |       |    34 ||    34
   Cast: Shock             |    90 |    93 |    29 ||   212
         Static Discharge  |       |    25 |    74 ||    99
         Call Imp          |       |     3 |     8 ||    11
    Use: Scroll            |       |     6 |     4 ||    10
         Potion            |       |     1 |     1 ||     2
   Stab: Sleeping          |     3 |     3 |     1 ||     7
         Distracted        |       |     1 |       ||     1
 Armour: Robe              |    11 |     2 |    20 ||    33
  Dodge: Dodged            |    28 |    22 |    42 ||    92
  Block: Other             |     6 |       |       ||     6
         Reflection        |     2 |     2 |       ||     4
         Kite shield       |    36 |    53 |    71 ||   160
